[Event "Titled Tuesday Blitz October 11 Early 2022"]
[White "Mikhailovsky, Vladimir"]
[Black "Soto Vega, Jorge"]
[WhiteFideId "34105414"]
[BlackFideId "3800580"]
[WhiteElo "2297"]
[BlackElo "2263"]
[Result "0-1"]
[Round "04"]
[TimeControl "180+1"]
[Date "2022.10.12"]
[WhiteClock "0:00:18"]
[BlackClock "0:01:06"]

1. e4 d5 2. exd5 Qxd5 3. Nc3 Qa5 4. b4 Qxb4 5. a4 c6 6. Ba3 Qa5 7. Nf3 Nf6 8. Bc4 Nbd7 9. O-O e6 10. Qe2 Bxa3 11. Rxa3 O-O 12. Rb1 Nb6 13. Ne5 Nbd5 14. Nxd5 exd5 15. Ba2 Ne4 16. d4 Qd2 17. Qxd2 Nxd2 18. Rd1 Ne4 19. c4 Be6 20. Rb1 Rab8 21. cxd5 cxd5 22. f3 Nd6 23. Rc3 Rbc8 24. Rc5 b6 25. Rc6 Rxc6 26. Nxc6 Ra8 27. Bxd5 Bxd5 28. Ne7+ Kf8 29. Nxd5 Rc8 30. Nb4 Rc4 31. d5 Rd4 32. Nc6 Rxa4 33. Nxa7 Rxa7 34. Rxb6 Ke7 35. Kf2 Ra2+ 36. Kg3 Ra4 37. h3 h5 38. Kh2 h4 39. Rc6 g5 40. Rc7+ Kf6 41. Rd7 Ke5 42. Rd8 Kxd5 43. Rg8 f6 44. Rd8 Ke6 45. Rb8 Ra2 46. Rb3 Nf5 47. Rb6+ Kf7 48. Rb5 Kg6 49. f4 gxf4 50. Kh1 Ng3+ 51. Kg1 Ra1+ 52. Kf2 Rf1# 0-1


[Site "https://www.chess.com"]

[Event "Titled Tuesday Blitz October 11 Early 2022"]
[White "Mirzoev, Azer"]
[Black "Hartikainen, Jarmo"]
[WhiteFideId "13400304"]
[BlackFideId "503134"]
[WhiteElo "2525"]
[BlackElo "2150"]
[Result "1-0"]
[Round "04"]
[TimeControl "180+1"]
[Date "2022.10.12"]
[WhiteClock "0:01:17"]
[BlackClock "0:00:25"]

1. c4 Nf6 2. Nc3 g6 3. g3 Bg7 4. Bg2 O-O 5. e4 d6 6. Nge2 Nc6 7. O-O a6 8. d3 Bd7 9. a4 Rb8 10. h3 h6 11. Be3 Kh7 12. f4 e5 13. f5 Ne7 14. g4 b5 15. axb5 axb5 16. b3 bxc4 17. bxc4 c6 18. Ng3 g5 19. Qe2 Rb3 20. Qc2 Rb8 21. Bf3 d5 22. cxd5 cxd5 23. exd5 Rc8 24. Qd2 Qc7 25. Rfc1 Rg8 26. Kg2 Qd6 27. Nge4 Nxe4 28. Nxe4 Qb8 29. f6 Nxd5 30. fxg7 Nxe3+ 31. Qxe3 Rxg7 32. Nf6+ Kh8 33. Nxd7 1-0


[Site "https://www.chess.com"]

[Event "Titled Tuesday Blitz October 11 Early 2022"]
[White "Mitrabha, Guha"]
[Black "Matinian, Nikita"]
[WhiteFideId "5057000"]
[BlackFideId "24129100"]
[WhiteElo "2526"]
[BlackElo "2422"]
[Result "1-0"]
[Round "04"]
[TimeControl "180+1"]
[Date "2022.10.11"]
[WhiteClock "0:00:26"]
[BlackClock "0:00:10"]

1. d4 d6 2. Nf3 g6 3. g3 Bg7 4. Bg2 Nf6 5. O-O O-O 6. c4 Nc6 7. Nc3 e5 8. dxe5 dxe5 9. Bg5 h6 10. Qxd8 Rxd8 11. Bxf6 Bxf6 12. Nd5 Kg7 13. Nxc7 Rb8 14. e4 Be7 15. Nd5 Bc5 16. Rfd1 Bg4 17. h3 Bxf3 18. Bxf3 Nd4 19. Kg2 a5 20. Rd3 b5 21. Rc1 b4 22. Bd1 Ne6 23. Rd2 Bd4 24. b3 Nc5 25. Bc2 h5 26. Rcd1 f6 27. f4 h4 28. g4 g5 29. fxg5 fxg5 30. Rf1 Rf8 31. Rf5 Ne6 32. Bd3 Rbd8 33. Rd1 Rxf5 34. exf5 Nf4+ 35. Nxf4 exf4 36. Be4 Bb6 37. Rxd8 Bxd8 38. c5 Kf6 39. c6 Ke5 40. Bf3 Bb6 41. Kf1 Kd6 42. Ke2 Bd8 43. Kd3 Kc5 44. Bg2 Bc7 45. f6 Kd6 46. Bd5 Bd8 47. f7 Ke7 48. Ke4 Kf8 49. Ke5 Bc7+ 50. Kf5 Bd8 51. Ke6 Bb6 52. Kd7 f3 53. Bxf3 Kxf7 54. c7 Bxc7 55. Kxc7 Ke6 56. Kb6 Ke5 57. Kxa5 Kf4 58. Be2 Kg3 59. Bf1 Kf2 60. Bc4 Kg2 61. Kxb4 Kxh3 62. a4 Kxg4 63. a5 h3 64. Be6+ Kh4 65. Bxh3 Kxh3 66. a6 g4 67. a7 g3 68. a8=Q g2 69. Qxg2+ Kxg2 70. Kc5 Kf3 71. b4 1-0


[Site "https://www.chess.com"]

[Event "Titled Tuesday Blitz October 11 Early 2022"]
[White "Mortazavi, Ali"]
[Black "Csonka, Balazs"]
[WhiteFideId "401323"]
[BlackFideId "742910"]
[WhiteElo "2339"]
[BlackElo "2404"]
[Result "0-1"]
[Round "04"]
[TimeControl "180+1"]
[Date "2022.10.12"]
[WhiteClock "0:00:10"]
[BlackClock "0:00:06"]

1. e4 e6 2. d4 d5 3. e5 c5 4. c3 Nc6 5. Nf3 Qb6 6. Bd3 cxd4 7. O-O Bd7 8. h4 Nh6 9. Bxh6 gxh6 10. Nbd2 Be7 11. Nb3 dxc3 12. bxc3 Rg8 13. Qd2 Rg4 14. Rab1 Qc7 15. Nbd4 Nxe5 16. Nxe5 Qxe5 17. Rxb7 Rxh4 18. Nf3 Qf4 19. Qxf4 Rxf4 20. Ne5 Ba4 21. Rfb1 Bd6 22. Nf3 Rc8 23. Rxa7 Kf8 24. Rb6 Bc5 25. Rxa4 Rxa4 26. Rb7 Rxa2 27. Ne5 Be7 28. Bxh7 Rxc3 29. Rb8+ Kg7 30. Bg8 Rc1+ 31. Kh2 Bd6 0-1


[Site "https://www.chess.com"]

[Event "Titled Tuesday Blitz October 11 Early 2022"]
[White "Mrudul Dehankar"]
[Black "Cnejev, Vladimir-Alexandru"]
[WhiteFideId "25096990"]
[BlackFideId "1260898"]
[WhiteElo "2068"]
[BlackElo "2193"]
[Result "0-1"]
[Round "04"]
[TimeControl "180+1"]
[Date "2022.10.12"]
[WhiteClock "0:00:02"]
[BlackClock "0:00:15"]

1. e4 e5 2. Nf3 Nc6 3. Bb5 a6 4. Ba4 b5 5. Bb3 Bb7 6. O-O Be7 7. c3 Nf6 8. Re1 O-O 9. d4 d6 10. Nbd2 h6 11. a4 Re8 12. Bc2 Bf8 13. Nf1 exd4 14. cxd4 Nb4 15. d5 c6 16. dxc6 Bxc6 17. Bb1 Bxe4 18. Bxe4 Nxe4 19. Nd4 bxa4 20. Qxa4 d5 21. Be3 Rc8 22. Rec1 Qf6 23. f3 Rxc1 24. Rxc1 Nc5 25. Qxb4 Nd3 26. Qa4 Rxe3 27. Nxe3 Nxc1 28. Nxd5 Qxd4+ 29. Qxd4 Ne2+ 30. Kf2 Nxd4 31. Ke3 Ne6 32. Kd3 Bd6 33. Kc4 Kf8 34. g3 Ke8 35. Ne3 g6 36. Kd5 Kd7 37. Nc4 Nc7+ 38. Kd4 Kc6 39. b3 Ne6+ 40. Kc3 Bc7 41. b4 f5 42. Nb2 Kd5 43. Nd3 Be5+ 44. Kc2 Nd4+ 0-1


[Site "https://www.chess.com"]

[Event "Titled Tuesday Blitz October 11 Early 2022"]
[White "Nakamura, Hikaru"]
[Black "Moroni, Luca Jr"]
[WhiteFideId "2016192"]
[BlackFideId "865834"]
[WhiteElo "2909"]
[BlackElo "2573"]
[Result "1-0"]
[Round "04"]
[TimeControl "180+1"]
[Date "2022.10.11"]
[WhiteClock "0:00:13"]
[BlackClock "0:00:07"]

1. Nf3 d6 2. d4 g6 3. e4 Bg7 4. Bc4 Nf6 5. Qe2 O-O 6. e5 dxe5 7. dxe5 Nd5 8. h3 c6 9. O-O Be6 10. Ng5 Nd7 11. f4 b5 12. Nxe6 fxe6 13. Bd3 Qb6+ 14. Kh1 Rf7 15. Nc3 Nxc3 16. bxc3 Qc7 17. Bd2 Nb6 18. h4 Nd7 19. c4 a6 20. g3 Nc5 21. Be3 Nxd3 22. cxd3 Rd8 23. Kg2 Rff8 24. a4 bxc4 25. dxc4 c5 26. a5 Rd7 27. Qg4 Kf7 28. Rfb1 Rfd8 29. Rb6 Rd3 30. Qxe6+ Kf8 31. Bf2 Rd2 32. Rab1 Re8 33. h5 gxh5 34. Rh1 Qd8 35. Qf5+ Kg8 36. Qxh5 Qd4 37. Qxe8+ Bf8 38. Rf1 Qe4+ 39. Kg1 Qf3 40. Qc6 1-0


[Site "https://www.chess.com"]

[Event "Titled Tuesday Blitz October 11 Early 2022"]
[White "Namitbir Singh Walia"]
[Black "Colas, Joshua"]
[WhiteFideId "35071068"]
[BlackFideId "2044447"]
[WhiteElo "2239"]
[BlackElo "2347"]
[Result "0-1"]
[Round "04"]
[TimeControl "180+1"]
[Date "2022.10.12"]
[WhiteClock "0:00:02"]
[BlackClock "0:01:07"]

1. d4 Nf6 2. c4 e6 3. Nf3 b6 4. g3 Bb7 5. Bg2 Bb4+ 6. Bd2 c5 7. O-O O-O 8. a3 Bxd2 9. Qxd2 cxd4 10. Nxd4 Bxg2 11. Kxg2 Qc8 12. b3 a6 13. Nc3 Qb7+ 14. Nf3 b5 15. c5 b4 16. axb4 Qxb4 17. Qd4 Qxb3 18. Rfb1 Qc2 19. Ra2 Qf5 20. e4 Qh5 21. Qe5 Nc6 22. Qxh5 Nxh5 23. e5 f6 24. Rb7 fxe5 25. Rxd7 e4 26. Nxe4 Rxf3 27. Rd6 Ne5 28. Rxe6 Rf5 29. Nd6 Rg5 30. Ra4 Ng6 31. h4 Rxc5 32. Ne4 Re5 33. Rxe5 Nxe5 34. Ra5 Re8 35. Nd6 Re6 36. Rxa6 Nd7 37. Ra8+ Nf8 38. Nf5 Nf6 39. Ra7 N6d7 40. Rb7 g6 41. Ne3 Rb6 42. Rc7 Nf6 43. Ra7 Rb2 44. Nc4 Rc2 45. Nd6 Rd2 46. Nf7 Ng4 0-1


[Site "https://www.chess.com"]

[Event "Titled Tuesday Blitz October 11 Early 2022"]
[White "Ohanyan, Emin"]
[Black "Karas, Marek"]
[WhiteFideId "13312022"]
[BlackFideId "14928558"]
[WhiteElo "2302"]
[BlackElo "2220"]
[Result "1-0"]
[Round "04"]
[TimeControl "180+1"]
[Date "2022.10.12"]
[WhiteClock "0:00:06"]
[BlackClock "0:00:01"]

1. e4 e6 2. d4 d5 3. Bd3 dxe4 4. Bxe4 Nf6 5. Bf3 c5 6. Ne2 Nc6 7. Be3 e5 8. Bxc6+ bxc6 9. dxe5 Qxd1+ 10. Kxd1 Ng4 11. Nd2 Nxe5 12. h3 Be7 13. Bf4 Ng6 14. Bg3 Bf5 15. Re1 O-O 16. Nf4 Bf6 17. Nxg6 hxg6 18. Be5 Bh4 19. g3 Be7 20. Bxg7 Rfe8 21. g4 Be6 22. Bc3 Rad8 23. Re2 Bg5 24. Ke1 Bd5 25. Rxe8+ Rxe8+ 26. Kf1 Bxd2 27. Bxd2 c4 28. Be3 a6 29. Ke2 Bg2 30. Rg1 Be4 31. Kd2 Bd5 32. Kc3 Kg7 33. h4 Re4 34. h5 Kh7 35. h6 Be6 36. g5 Re5 37. Rd1 Bd5 38. Kb4 Rf5 39. Rd2 f6 40. gxf6 Rxf6 41. Ka5 c3 42. bxc3 Bxa2 43. Kxa6 Rf5 44. Kb6 Bd5 45. c4 Bxc4 46. Kxc6 g5 47. Rd6 Bf7 48. Kb6 Bg6 49. c4 Kxh6 50. c5 Kh5 51. c6 Rf8 52. c7 Bf5 53. Rd8 Rf6+ 54. Kc5 Kg4 55. Rg8 Kf3 56. Rxg5 Bc8 57. Rg8 Rf5+ 58. Kd6 Rf6+ 59. Ke7 Re6+ 60. Kf7 Bd7 61. Rd8 Rd6 62. Ke7 Rd5 63. Rxd7 1-0


[Site "https://www.chess.com"]

[Event "Titled Tuesday Blitz October 11 Early 2022"]
[White "Osiecki, Stanislaw"]
[Black "Aliaga Fernandez, Ingrid Y"]
[WhiteFideId "1102990"]
[BlackFideId "3802191"]
[WhiteElo "2088"]
[BlackElo "2135"]
[Result "1-0"]
[Round "04"]
[TimeControl "180+1"]
[Date "2022.10.12"]
[WhiteClock "0:02:34"]
[BlackClock "0:01:48"]

1. e4 c5 2. c3 Nf6 3. e5 Nd5 4. d4 cxd4 5. Nf3 e6 6. cxd4 Nc6 7. a3 d6 8. Bd3 Be7 9. O-O h6 10. Qe2 Bd7 11. Bd2 Qb6 12. Bc3 dxe5 13. dxe5 a6 14. Qe4 O-O-O 15. b4 Na7 16. Bd4 1-0


[Site "https://www.chess.com"]

[Event "Titled Tuesday Blitz October 11 Early 2022"]
[White "Ovezdurdyyeva, Jemal"]
[Black "Borgaonkar Akshay"]
[WhiteFideId "14001888"]
[BlackFideId "25639110"]
[WhiteElo "1961"]
[BlackElo "2063"]
[Result "0-1"]
[Round "04"]
[TimeControl "180+1"]
[Date "2022.10.12"]
[WhiteClock "0:00:49"]
[BlackClock "0:01:16"]

1. e4 c5 2. Nf3 e6 3. c3 Nf6 4. Bd3 d5 5. exd5 Qxd5 6. Bc2 b6 7. O-O Bb7 8. d4 Nbd7 9. Nbd2 cxd4 10. cxd4 Bd6 11. Re1 O-O 12. Ne4 Be7 13. Bg5 h6 14. Bh4 Rac8 15. Bd3 Qh5 16. Qe2 Rfe8 17. Bg3 Nxe4 18. Bxe4 Bxe4 19. Qxe4 Nf6 20. Qb7 Qd5 21. Qxa7 Bb4 22. Re5 Qc6 23. h3 Ra8 24. d5 Nxd5 25. Nd4 Qc8 0-1


[Site "https://www.chess.com"]

[Event "Titled Tuesday Blitz October 11 Early 2022"]
[White "Ozen, Bahadir"]
[Black "Chigaev, Maksim"]
[WhiteFideId "6337058"]
[BlackFideId "4108116"]
[WhiteElo "2503"]
[BlackElo "2537"]
[Result "1/2-1/2"]
[Round "04"]
[TimeControl "180+1"]
[Date "2022.10.11"]
[WhiteClock "0:00:06"]
[BlackClock "0:00:07"]

1. g3 d5 2. Nf3 g6 3. Bg2 Bg7 4. O-O e5 5. d3 Ne7 6. Nbd2 Nbc6 7. c3 O-O 8. Qc2 a5 9. b3 b6 10. Bb2 a4 11. a3 axb3 12. Qxb3 h6 13. Rfd1 Be6 14. Qc2 Qd7 15. e4 Rfd8 16. Re1 dxe4 17. dxe4 Qd3 18. Qxd3 Rxd3 19. Bf1 Rdd8 20. Nc4 Bg4 21. Kg2 Ra4 22. h3 Be6 23. Ncd2 g5 24. Bb5 Raa8 25. Rad1 Na5 26. a4 Nc8 27. Ba3 Nd6 28. Bxd6 Rxd6 29. Nf1 Rad8 30. Rxd6 Rxd6 31. Ne3 Kf8 32. Nf5 Bxf5 33. exf5 e4 34. Rxe4 Bxc3 35. Re8+ Kg7 36. h4 g4 37. Ng1 Bf6 38. Ne2 c6 39. Ba6 Rd8 40. Re4 h5 41. Nf4 Kh6 42. Rb4 Bd4 43. Be2 Rd7 44. Rb1 Re7 45. Bf1 Bc5 46. Rd1 Nb3 47. Rd8 Nd4 48. Rh8+ Kg7 49. Rxh5 f6 50. Ng6 Re1 51. Rh8 Nxf5 52. h5 Rc1 53. Re8 Rc2 54. Re2 Rxe2 55. Bxe2 Nh6 56. Bd3 f5 57. f3 Kf6 58. f4 Nf7 59. Kf1 Nh6 60. Ne5 Ke6 61. Nxc6 Kd5 62. Ne5 Bd4 63. Ng6 Ke6 64. Ke2 Kf6 65. Bb5 Bc5 66. Ne5 Bd4 67. Nc6 Bc5 68. a5 bxa5 69. Nxa5 Bb6 70. Nb3 Bg1 71. Nc1 Bc5 72. Na2 Bd4 73. Nb4 Bc5 74. Nd5+ Ke6 75. Bc4 Kd6 76. Ne3 Bd4 77. Bb3 Bc5 78. Bc2 Ke6 79. Bb1 Kf6 80. Ba2 Bd4 81. Kd3 Ba7 82. Nd5+ Kg7 83. Ke2 Kh7 84. Bb1 Kg7 85. Ne7 Kf6 86. Nc6 Bb6 87. Ba2 Bc5 88. Ne5 Bd4 89. Nd7+ Ke7 90. Nb8 Kd6 91. Na6 Bc3 92. Kd3 Be1 93. Bc4 Bxg3 94. Ke3 Be1 95. Bd3 Ba5 96. Ke2 Kd7 97. Nc5+ Ke7 98. Nb3 Bb6 99. Nd2 Kf6 100. Nc4 Ba7 101. Ne5 Bd4 102. Nc6 Bc5 103. Bc2 Bd6 104. Ke3 Bc7 105. Nb4 Bb6+ 106. Ke2 Bc5 107. Nd5+ Kg7 108. Bb3 Bd6 109. Bc2 Kf7 110. Ne3 Kf6 111. Nd5+ Kf7 112. Ne3 Ke6 113. Bb3+ Kf6 114. Nd5+ Kg7 115. Bc2 Kf7 1/2-1/2


[Site "https://www.chess.com"]

[Event "Titled Tuesday Blitz October 11 Early 2022"]
[White "Ozer, Omer Faruk"]
[Black "Begunov, Konstantin"]
[WhiteFideId "6354564"]
[BlackFideId "4118510"]
[WhiteElo "2260"]
[BlackElo "2225"]
[Result "1-0"]
[Round "04"]
[TimeControl "180+1"]
[Date "2022.10.12"]
[WhiteClock "0:00:39"]
[BlackClock "0:00:02"]

1. e4 c5 2. Nf3 d6 3. d4 cxd4 4. Qxd4 Nc6 5. Bb5 Bd7 6. Bxc6 Bxc6 7. Nc3 Nf6 8. Bg5 e6 9. O-O-O Be7 10. Rhe1 O-O 11. Qd2 Qa5 12. Nd4 Rfc8 13. f3 b5 14. Kb1 b4 15. Nce2 Nxe4 16. fxe4 Bxg5 17. Qd3 Bb7 18. Nb3 Qc7 19. Ned4 Qb6 20. Rf1 Ba6 21. Qg3 Bxf1 22. Rxf1 Be7 23. Qg4 Bf8 24. Rxf7 d5 25. Rd7 dxe4 26. Nxe6 Qg1+ 27. Rd1 Qf2 28. Qxe4 Re8 29. Qd5 Qf7 30. Nc7 Qxd5 31. Nxd5 Rad8 32. c4 bxc3 33. bxc3 Bd6 34. h3 Bg3 35. Rd3 Be5 36. c4 Rf8 37. Rd2 Rf1+ 38. Kc2 Re8 39. Re2 1-0


[Site "https://www.chess.com"]

[Event "Titled Tuesday Blitz October 11 Early 2022"]
[White "Pakleza, Zbigniew"]
[Black "Titichoca Daza, Daniel"]
[WhiteFideId "1119290"]
[BlackFideId "3309550"]
[WhiteElo "2411"]
[BlackElo "2105"]
[Result "0-1"]
[Round "04"]
[TimeControl "180+1"]
[Date "2022.10.11"]
[WhiteClock "0:00:01"]
[BlackClock "0:00:36"]

1. d4 d5 2. Bf4 Nf6 3. e3 e6 4. Nd2 Bd6 5. Bg3 c5 6. c3 Qc7 7. Ngf3 Nbd7 8. c4 cxd4 9. Nxd4 Bxg3 10. hxg3 O-O 11. Rc1 Qb6 12. Qc2 h6 13. Be2 Ne5 14. c5 Qd8 15. b4 Ng6 16. O-O e5 17. Nb5 h5 18. Nd6 h4 19. gxh4 Nxh4 20. g3 Ng6 21. Rfd1 Rb8 22. Nxc8 Qxc8 23. Bf1 Qg4 24. Bg2 e4 25. Nf1 Ne5 26. Nh2 Qh5 27. Qc3 Rfe8 28. b5 Nf3+ 29. Bxf3 exf3 30. Rd4 Re4 31. Rcd1 Ng4 32. Nxf3 Nxe3 33. fxe3 Qxf3 34. R1d2 Qxg3+ 35. Kf1 Rxe3 0-1


[Site "https://www.chess.com"]

[Event "Titled Tuesday Blitz October 11 Early 2022"]
[White "Podetti, Davide"]
[Black "Evdokimov, Alexey"]
[WhiteFideId "893617"]
[BlackFideId "24162450"]
[WhiteElo "2160"]
[BlackElo "2154"]
[Result "1-0"]
[Round "04"]
[TimeControl "180+1"]
[Date "2022.10.12"]
[WhiteClock "0:00:49"]
[BlackClock "0:00:01"]

1. e4 c6 2. d4 d5 3. exd5 cxd5 4. Bd3 Nc6 5. c3 Nf6 6. Bf4 Bg4 7. Qb3 Qd7 8. Nd2 e6 9. Ngf3 Bxf3 10. Nxf3 Bd6 11. Bxd6 Qxd6 12. O-O O-O 13. Rfe1 Rab8 14. Ne5 Nd7 15. f4 Rfc8 16. Qd1 g6 17. Qf3 b5 18. g4 b4 19. Nxd7 Qxd7 20. f5 bxc3 21. bxc3 Rb2 22. fxe6 fxe6 23. Rf1 Qc7 24. Be2 Qe7 25. a4 Rf8 26. Qe3 Rxf1+ 27. Rxf1 Kg7 28. Bb5 Qd6 29. Rf4 g5 30. Rf2 Rb1+ 31. Kg2 h6 32. Qf3 Nd8 33. Qf6+ Kh7 34. Be8 Re1 35. Qg6+ Kh8 36. Qxh6+ Kg8 37. Bg6 1-0


[Site "https://www.chess.com"]

[Event "Titled Tuesday Blitz October 11 Early 2022"]
[White "Polanco Nunez, Yoel Estarling"]
[Black "Marin Ramirez, Gerardo"]
[WhiteFideId "6401783"]
[BlackFideId "3901068"]
[WhiteElo "2132"]
[BlackElo "2041"]
[Result "1-0"]
[Round "04"]
[TimeControl "180+1"]
[Date "2022.10.12"]
[WhiteClock "0:01:32"]
[BlackClock "0:00:00"]

1. Nf3 d5 2. g3 c6 3. Bg2 Nf6 4. d4 Bf5 5. c4 e6 6. Nc3 Be7 7. O-O h6 8. h3 O-O 9. g4 Bh7 10. Qb3 b6 11. Bf4 Nbd7 12. e3 dxc4 13. Qxc4 c5 14. Rfd1 cxd4 15. exd4 Rc8 16. Qa6 Ne4 17. Ne5 Nxc3 18. bxc3 Nxe5 19. Bxe5 Qd7 20. d5 Rc5 21. Bd4 Ra5 22. Qe2 exd5 23. c4 Bc5 24. Bc3 Ra3 25. Rxd5 Qc7 26. Be5 Qc8 27. Rad1 1-0


[Site "https://www.chess.com"]

[Event "Titled Tuesday Blitz October 11 Early 2022"]
[White "Principe, Gerson"]
[Black "Tristan, Leonardo"]
[WhiteFideId "3804550"]
[BlackFideId "113816"]
[WhiteElo "2280"]
[BlackElo "2446"]
[Result "1/2-1/2"]
[Round "04"]
[TimeControl "180+1"]
[Date "2022.10.12"]
[WhiteClock "0:00:18"]
[BlackClock "0:00:10"]

1. d4 d5 2. Nf3 Nf6 3. c4 e6 4. Nc3 a6 5. cxd5 exd5 6. Bg5 Be6 7. e3 Nbd7 8. Bd3 Bd6 9. Rc1 c6 10. O-O Qc7 11. a3 h6 12. Bh4 O-O 13. Bg3 Bxg3 14. hxg3 a5 15. b4 axb4 16. axb4 Qd6 17. Qb3 b5 18. Ra1 Nb6 19. Ne5 Nc4 20. Bxc4 bxc4 21. Qb2 Rxa1 22. Rxa1 Rb8 23. Rb1 Bf5 24. Ra1 Qxb4 25. Qxb4 Rxb4 26. Nxc6 Rb3 27. Ne7+ Kh7 28. Rc1 Be6 29. Nc6 Ng4 30. Ne5 h5 31. Nxg4 hxg4 32. Kf1 Rb2 33. Nd1 Ra2 34. Nc3 Ra3 35. Nb5 Ra5 36. Nc3 Kg6 37. Ke2 Ra3 38. Kd2 Kf6 39. Rb1 Ra5 40. Rb5 Ra1 41. Nxd5+ Bxd5 42. Rxd5 Ra2+ 43. Ke1 c3 44. Rc5 Ra1+ 45. Ke2 Ra2+ 46. Ke1 Ra1+ 47. Ke2 Ra2+ 48. Ke1 1/2-1/2


[Site "https://www.chess.com"]

[Event "Titled Tuesday Blitz October 11 Early 2022"]
[White "Prokofiev, Valentyn"]
[Black "Donchenko, Alexander"]
[WhiteFideId "14160161"]
[BlackFideId "24603295"]
[WhiteElo "2259"]
[BlackElo "2572"]
[Result "0-1"]
[Round "04"]
[TimeControl "180+1"]
[Date "2022.10.11"]
[WhiteClock "0:00:04"]
[BlackClock "0:01:26"]

1. d4 d5 2. c4 dxc4 3. Nf3 a6 4. a4 Nf6 5. e3 e6 6. Bxc4 c5 7. O-O Nc6 8. dxc5 Bxc5 9. Qxd8+ Kxd8 10. b3 Na5 11. Ba3 Bxa3 12. Nxa3 Ke7 13. Rac1 Bd7 14. Ne5 Rhc8 15. Rfd1 Be8 16. f3 Rab8 17. Rb1 b5 18. axb5 axb5 19. Bf1 Nd5 20. b4 Nc4 21. Bxc4 bxc4 22. Rdc1 c3 23. Nc2 Ba4 24. Nd4 Rxb4 25. Ra1 Nxe3 26. Ne2 c2 27. Nd3 Rb1 28. Raxb1 cxb1=Q 29. Rxb1 Rc7 30. Kf2 Nd5 31. Nd4 Bc2 32. Nxc2 Rxc2+ 33. Kg1 Ne3 34. Rb7+ Kf6 35. Ne1 Re2 36. Rb1 h5 37. g3 g5 38. Nd3 Rg2+ 39. Kh1 Rd2 40. Nc5 Kg6 41. Ne4 Ra2 42. Re1 Nd5 43. Rf1 g4 44. fxg4 hxg4 45. Nc5 Rc2 46. Nd3 f5 47. Ne5+ Kg5 48. Nf7+ Kf6 49. Nd6 Ne3 50. Re1 Rc3 51. Nb5 Rd3 52. Nc7 Ke5 53. Na6 Rc3 54. Nb4 Kd6 55. Na2 Ra3 56. Nc1 Nc4 57. Ne2 e5 58. Rd1+ Ke6 59. Re1 Nd2 60. Kg1 Nf3+ 0-1


[Site "https://www.chess.com"]

[Event "Titled Tuesday Blitz October 11 Early 2022"]
[White "Remizov, Yaroslav"]
[Black "Malyi, Viacheslav"]
[WhiteFideId "34134015"]
[BlackFideId "14123983"]
[WhiteElo "2417"]
[BlackElo "2291"]
[Result "1-0"]
[Round "04"]
[TimeControl "180+1"]
[Date "2022.10.12"]
[WhiteClock "0:00:09"]
[BlackClock "0:00:02"]

1. e4 e5 2. Bc4 Nf6 3. Nc3 Nc6 4. d3 Na5 5. Nge2 Nxc4 6. dxc4 d6 7. O-O c6 8. Qd3 Be7 9. b3 Be6 10. f3 Qc7 11. Be3 O-O 12. Rad1 Rfd8 13. g4 d5 14. cxd5 cxd5 15. exd5 Nxd5 16. Nxd5 Rxd5 17. Qe4 Rad8 18. Rc1 a6 19. Kf2 R5d7 20. c4 Bc5 21. Rc2 Rd3 22. Bxc5 Qxc5+ 23. Kg2 b6 24. Rf2 g6 25. Ng3 a5 26. h4 R8d4 27. Qa8+ Kg7 28. h5 Rd8 29. Qe4 R8d4 30. Qa8 Rd8 31. Qb7 R8d7 32. Qa6 Rd1 33. Ne4 Qe3 34. Rce2 Qf4 35. Qxb6 R7d3 36. Nc5 Bxg4 37. Nxd3 Bh3+ 38. Kxh3 Rh1+ 39. Rh2 Qxf3+ 40. Kh4 Qxh5+ 41. Kg3 Qg5+ 42. Kf3 Rf1+ 43. Ke4 Qf5+ 44. Kd5 Qxd3+ 45. Kc5 Rf6 46. Qc7 Qd4+ 47. Kb5 a4 48. Qxe5 Qb6+ 49. Kxa4 Qa6+ 50. Kb4 Qb6+ 51. Kc3 Qa6 52. Rhf2 1-0


[Site "https://www.chess.com"]

[Event "Titled Tuesday Blitz October 11 Early 2022"]
[White "Ronka, Erik"]
[Black "Boros, Denes"]
[WhiteFideId "505080"]
[BlackFideId "722340"]
[WhiteElo "2264"]
[BlackElo "2464"]
[Result "0-1"]
[Round "04"]
[TimeControl "180+1"]
[Date "2022.10.12"]
[WhiteClock "0:00:07"]
[BlackClock "0:00:39"]

1. e4 Nc6 2. Nf3 g6 3. d4 Bg7 4. Bc4 d6 5. c3 Nf6 6. Qe2 d5 7. exd5 Nxd5 8. O-O O-O 9. Bg5 h6 10. Bh4 Be6 11. Re1 Nf4 12. Qf1 Bg4 13. Nbd2 Qd7 14. Bg3 Nh5 15. h3 Nxg3 16. fxg3 Bxf3 17. Nxf3 a6 18. Rad1 Qd6 19. Qf2 e6 20. Nd2 Na5 21. Ne4 Qe7 22. Bd3 Rad8 23. Nc5 Rb8 24. Kh1 Qd6 25. Be4 c6 26. Bd3 Qd5 27. Qf3 Rfd8 28. Rf1 Qxf3 29. gxf3 Bf8 30. Ne4 b5 31. Nf6+ Kg7 32. Ne4 Rdc8 33. b4 Nc4 34. Bxc4 bxc4 35. Nd2 Rc7 36. Nxc4 Rd8 37. a4 Be7 38. Rfe1 Bf6 39. a5 g5 40. f4 Rd5 41. fxg5 Rxg5 42. Kg2 h5 43. Ne3 Rc8 44. Kf3 Rg8 45. Ng2 Kf8 46. g4 hxg4+ 47. hxg4 Rxg4 48. Nf4 Rg3+ 49. Ke4 R8g4 50. Re3 Rxe3+ 51. Kxe3 Bg5 52. Rf1 Rg3+ 53. Ke4 Ke7 54. Nd3 f5+ 55. Ke5 Re3# 0-1


[Site "https://www.chess.com"]

[Event "Titled Tuesday Blitz October 11 Early 2022"]
[White "Rose, Felix"]
[Black "Navalgund, Niranjan"]
[WhiteFideId "5105722"]
[BlackFideId "5030854"]
[WhiteElo "2039"]
[BlackElo "2294"]
[Result "0-1"]
[Round "04"]
[TimeControl "180+1"]
[Date "2022.10.12"]
[WhiteClock "0:00:04"]
[BlackClock "0:01:59"]

1. e4 e5 2. Nf3 Nf6 3. Nxe5 d5 4. exd5 Qxd5 5. d4 Nc6 6. Nxc6 Qxc6 7. Nc3 Bb4 8. Bd2 Bg4 9. f3 O-O-O 10. fxg4 Rhe8+ 11. Kf2 Rxd4 12. Bd3 Nxg4+ 13. Kf1 Kb8 14. Qf3 Qd7 15. Re1 Ne5 16. Qf5 Qxf5+ 17. Bxf5 Rxd2 18. Ne4 Rxc2 19. Nd6 cxd6 20. Bxc2 Bxe1 21. Kxe1 Nd3+ 22. Kd2 Nb4 23. Bb3 f5 24. a3 Nc6 25. Rf1 g6 26. Bd5 Nd4 27. Rc1 Re5 28. Bg8 h5 29. Bh7 Nb3+ 0-1


[Site "https://www.chess.com"]

[Event "Titled Tuesday Blitz October 11 Early 2022"]
[White "Rustemov, Alexander"]
[Black "Andreikin, Dmitry"]
[WhiteFideId "4119002"]
[BlackFideId "4158814"]
[WhiteElo "2819"]
[BlackElo "2736"]
[Result "0-1"]
[Round "04"]
[TimeControl "180+1"]
[Date "2022.10.11"]
[WhiteClock "0:00:16"]
[BlackClock "0:01:59"]

1. d4 Nf6 2. c4 e6 3. Nf3 d5 4. Nc3 a6 5. cxd5 exd5 6. Bg5 Be6 7. e3 Nbd7 8. Bd3 h6 9. Bh4 Bd6 10. Qc2 O-O 11. O-O Rc8 12. Bg3 Bxg3 13. hxg3 c5 14. dxc5 Nxc5 15. Nd4 Ng4 16. Be2 Qg5 17. Bxg4 Bxg4 18. Rac1 Rfe8 19. Qd2 h5 20. b4 Nd7 21. f4 Qg6 22. Nxd5 Qe4 23. Rxc8 Rxc8 24. Nc3 Qe7 25. a3 Nf6 26. Re1 Qc7 27. Rc1 Ne4 28. Qd3 Nxc3 29. Kh2 Qc4 30. Qc2 b5 31. Nb3 Ne2 32. Qxc4 bxc4 33. Rc2 cxb3 34. Rxc8+ Bxc8 0-1


[Site "https://www.chess.com"]

[Event "Titled Tuesday Blitz October 11 Early 2022"]
[White "Sadubayev, Airat"]
[Black "Sanchez, Robert"]
[WhiteFideId "13713264"]
[BlackFideId "2034360"]
[WhiteElo "2215"]
[BlackElo "2414"]
[Result "1-0"]
[Round "04"]
[TimeControl "180+1"]
[Date "2022.10.12"]
[WhiteClock "0:00:45"]
[BlackClock "0:00:08"]

1. d4 Nf6 2. c4 e6 3. Nf3 Bb4+ 4. Bd2 Be7 5. g3 O-O 6. Bg2 d5 7. O-O c6 8. Qc2 Nbd7 9. Bf4 b6 10. Nbd2 Bb7 11. Rfd1 c5 12. Ne5 cxd4 13. cxd5 Nxd5 14. Nc6 Bxc6 15. Qxc6 Rc8 16. Qa4 Nxf4 17. gxf4 Nc5 18. Qxa7 Bd6 19. Nc4 Bxf4 20. Qxb6 Qh4 21. h3 Na4 22. Qxd4 Rxc4 23. Qd7 g6 24. b3 Nb6 25. Qb5 Rb4 26. Qa5 Nd5 27. e3 Nxe3 28. fxe3 Bxe3+ 29. Kh1 Rf4 30. Qe1 Qxe1+ 31. Rxe1 Bd4 32. Rac1 Rf2 33. a4 Rb2 34. Red1 Be3 35. Rb1 Rxb1 36. Rxb1 Bd2 1-0


[Site "https://www.chess.com"]